 Dungeon Crawl Stone Soup version 0.31-a0-846-gb3bcc0d938 (webtiles) character file.

Game seed: 17988508166259079974

147 Gladio the Ruffian (level 5, -2/45 HPs)
             Began as a Draconian Shapeshifter on Oct 4, 2023.
             Succumbed to their own poison gas
             ... on level 4 of the Dungeon.
             The game lasted 00:05:29 (2494 turns).

Gladio the Ruffian (Draconian Shapeshifter)         Turns: 2494, Time: 00:05:29

Health: -2/45      AC:  5    Str: 17    XL:     5   Next: 8%
Magic:  5/5        EV: 12    Int: 10    God:
Gold:   220        SH:  0    Dex: 12    Spells: 4/4 levels left

rFire   . .          .
                       - Unarmed
rCold   + . .        (no shield)
rNeg    . . .        (body armour unavailable)
rPois   .            (helmet currently unavailable)
rElec   .            (cloak currently unavailable)
rCorr   .            (gloves currently unavailable)
SInv    .            (boots currently unavailable)
Will    .....        (no amulet)
Stlth   +            g - ring of flight
HPRegen 0.27/turn    d - ring of protection from cold
MPRegen 0.09/turn

%: no passive effects
@: lethally poisoned (-2 -> -22), beast-form, flying
A: beast (slay +2), AC +5, unfitting armour, cold-blooded
a: Begin Untransformation


You were on level 4 of the Dungeon.
You were a hulking beast.
You visited 1 branch of the dungeon, and saw 4 of its levels.

You collected 220 gold pieces.

Inventory:

Hand Weapons
 q - a +1 dagger
Armour
 s - a scarf of repulsion
Jewellery
 d - a ring of protection from cold (right hand)
 g - a ring of flight (left hand)
 l - a ring of positive energy
Talismans
 b - a beast talisman (active)
 c - a flux talisman
 r - a serpent talisman
Scrolls
 j - a scroll of enchant weapon
 k - a scroll of revelation {unknown}
 t - a scroll of torment {unknown}
 u - a scroll of identify {unknown}
 x - a scroll of teleportation {unknown}
Potions
 a - a potion of lignification
 e - a potion of mutation {unknown}
 h - a potion of berserk rage
 i - a potion of heal wounds {unknown}
 m - a potion of attraction {unknown}
 n - a potion of enlightenment {unknown}
 o - 2 potions of resistance {unknown}
 p - a potion of brilliance {unknown}
 v - a potion of haste {unknown}
 w - a potion of might {unknown}


   Skills:
 * Level 3.1 Fighting
 + Level 2.3 Dodging
 * Level 3.9 Unarmed Combat
 * Level 3.8 Shapeshifting


You had 4 spell levels left.
You didn't know any spells.
Your spell library contained the following spells:

 Spells                   Type           Power      Damage    Failure   Level
 Inner Flame              Hex/Fire       0%         N/A       75%         3
 Yara's Violent Unravell  Hex/Tmut       0%         3d3       100%        5
 Enfeeble                 Hex            0%         N/A       100%        7


Dungeon Overview and Level Annotations

Branches:
Dungeon (4/15)
 Temple: D:4-7

Altars:
The Shining One

Shops:
D:2 *

Annotations:
D:4 Blork the orc


Innate Abilities, Weirdness & Mutations

You are a hulking beast.
Your limbs bulge with bestial killing power. (Slay +2)
Your plain brown scales are hard. (AC +5)
You cannot fit into any form of body armour.
You are cold-blooded and may be slowed by cold attacks.


Message History

No target in view!
No target in view!
No target in view!
No target in view!
No target in view!
You see here a bat corpse.
There is a stone staircase leading up here.
Found a scale mail.
Done exploring.
You reach down and open the door.
There is an open door here.
You see here a +0 tower shield.
There is an open door here.
There is a stone staircase leading down here.
You fly downwards.
Found a book of Misfortune.
There is a stone staircase leading up here.
Blork the orc comes into view.
He is wielding a +0 long sword.
Blork the orc shouts!
Blork the orc mumbles some strange words.
Blork the orc seems to speed up.
Read: scroll of poison
Press: ? - help, Q - select action, (/) - cycle Dir - look around, f - activate The air fills with toxic fumes!
As you read the scroll of poison, it crumbles to dust.
A water moccasin comes into view.
The water moccasin hisses angrily.
Blork the orc looks encouraged for a moment.
You are engulfed in poison gas.
You are poisoned.
You feel sick.
You are engulfed in poison gas.
You are more poisoned.
You feel very sick.
You are engulfed in poison gas.
You are lethally poisoned!
You feel extremely sick.
* * * LOW HITPOINT WARNING * * *
You feel extremely sick.
* * * LOW HITPOINT WARNING * * *
You feel very sick.
You die...

###########.#.#.
...°...S..o.....
###..°.o###.....
#...○○# .##
+...°.#
..#####.#
:.......#
.......h#
#########


You could see Blork the orc (fast) and a water moccasin.

Vanquished Creatures
  Terence (D:2)
  5 adders
  3 worms
  4 dart slugs
  5 ball pythons
  7 endoplasms
  3 giant cockroaches
  4 goblins
  7 hobgoblins
  3 jackals (D:3)
  A quokka (D:2)
  4 bats
  3 frilled lizards
  4 kobolds
  3 rats
57 creatures vanquished.

Notes
Turn   | Place    | Note
-------+----------+-------------------------------------------
     0 | D:1      | Gladio the Draconian Shapeshifter began the quest for the
                  | Orb.
     0 | D:1      | Reached XP level 1. HP: 16/16 MP: 1/1
   266 | D:1      | Reached XP level 2. HP: 23/23 MP: 2/2
   950 | D:2      | Reached XP level 3. HP: 18/29 MP: 3/3
  1462 | D:2      | Noticed Terence
  1475 | D:2      | Killed Terence
  1476 | D:2      | Reached XP level 4. HP: 37/37 MP: 4/4
  1583 | D:2      | Found a glowing golden altar of the Shining One.
  1770 | D:2      | Found Haesoff's General Store.
  2176 | D:3      | Reached XP level 5. HP: 43/45 MP: 5/5
  2474 | D:4      | Noticed Blork the orc
  2478 | D:4      | Noticed a water moccasin
  2494 | D:4      | Succumbed to their own poison gas

Illustrated notes

Levels and vault maps discovered:
D:1:      giann_bridges, layout_basic, corexii_hall_statues_l
D:2:      layout_basic, serial_shops, nicolae_shop_trees, basic_altar,
          minmay_misc_feat_doors, grunt_ministairs_8, minmay_quadrilaterals,
          uniq_terence
D:3:      layout_basic
D:4:      minmay_diamond_boxcup, layout_basic, lemuel_round_altar,
          minmay_vboxes, uniq_ijyb, uniq_blork_the_orc, uniq_robin

Skill      XL: |  1  2  3  4 |
---------------+-------------+-----
Dodging        | 2 |  2.3
Fighting       | 2 3 |  3.1
Unarmed Combat | |  3.9
Shapeshifting  | |  3.8

Action                     |  1- 3 |  4- 6 || total
---------------------------+-------+-------++-------
  Melee: Unarmed           |   115 |    48 ||   163
         Tailslap          |    10 |     8 ||    18
         Punch             |     1 |     2 ||     3
    Use: Potion            |     2 |     1 ||     3
         Scroll            |       |     3 ||     3
   Stab: Sleeping          |     3 |     1 ||     4
 Armour: Skin              |    78 |    22 ||   100
  Dodge: Dodged            |    58 |    32 ||    90

Table legend: (Time is in decaauts)
 A = Elapsed time spent in this place.
 B = Non-inter-level travel time spent in this place.
 C = Inter-level travel time spent in this place.
 D = Time resting spent in this place.
 E = Time spent auto-exploring this place.
 F = Levels seen in this place.
 G = Mean time per level.
                   A        B        C        D        E       F      G
               +--------+--------+--------+--------+--------+-----+--------+
         Total |   2498 |   2413 |     85 |     10 |   2002 |   4 |  624.5 |
       Dungeon |   2498 |   2413 |     85 |     10 |   2002 |   4 |  624.5 |
               +--------+--------+--------+--------+--------+-----+--------+

Top non-repeatable levels by time:
     D:2: 911 daAuts
     D:1: 909 daAuts
     D:3: 652 daAuts
     D:4: 24 daAuts
